 Dungeon Crawl Stone Soup version 0.30.0-29-ga12c61a403 (webtiles) character file.

Game seed: 13308981471471800487

2866 qw the Cleaver (level 9, -2/56 HPs)
             Began as a Gargoyle Fighter on June 5, 2023.
             Was a Believer of Okawaru.
             Shot with an arrow by a centaur warrior (29 damage)
             ... on level 8 of the Dungeon on June 6, 2023.
             The game lasted 00:03:00 (5697 turns).

qw the Cleaver (Gargoyle Fighter)                   Turns: 5697, Time: 00:03:01

Health: -2/56      AC: 29    Str: 28 (30) XL:     9   Next: 75%
Magic:  11/12      EV: 10    Int:  6 (9)  God:    Okawaru [**....]
Gold:   496        SH:  5    Dex:  7 (9)  Spells: 8/8 levels left

rFire   . . .        Y - +0 war axe
rCold   . . .        c - +0 buckler
rNeg    + . .        q - +0 shadow dragon scales
rPois   inf          (no helmet)
rElec   +            (no cloak)
rCorr   .            u - +2 pair of gloves
SInv    .            (no boots)
Will    .....        s - amulet of regeneration
Stlth   +++          n - +4 ring of protection
HPRegen 1.09/turn    b - +6 ring of strength
MPRegen 0.13/turn

%: no passive effects
@: heroic
A: sickness immunity, AC +6, negative energy resistance 1, electricity
resistance, torment resistance 1, petrification resistance
a: Renounce Religion, Heroism


You were on level 8 of the Dungeon.
You worshipped Okawaru.
Okawaru was pleased with you.
You visited 2 branches of the dungeon, and saw 9 of its levels.

You collected 522 gold pieces.
You spent 26 gold pieces at shops.


Innate Abilities, Weirdness & Mutations

You are immune to sickness and miasma.
Your stone body is resilient. (AC +6)
You are immune to poison.
You resist negative energy. (rN+)
You are resistant to electric shocks. (rElec)
You are resistant to unholy torment.
You are immune to petrification.


   Skills:
 - Level 6.3(11.3) Fighting
 - Level 9.3(14.3) Axes
 - Level 2.3(7.3) Throwing
 + Level 4.9(9.9) Armour
 - Level 2.0(7.0) Dodging
 - Level 3.2(8.2) Shields
 - Level 5.0 Invocations


You had 8 spell levels left.
You didn't know any spells.
Your spell library was empty.

Inventory:

Hand Weapons
 x - a +3 flail
 Y - a +0 war axe (weapon)
Missiles
 e - 4 boomerangs
 o - a javelin (quivered)
Armour
 c - a +0 buckler (worn)
 q - +0 shadow dragon scales (worn)
 u - a +2 pair of gloves (worn)
Jewellery
 b - a +6 ring of strength (right hand)
 n - a +4 ring of protection (left hand)
 s - an amulet of regeneration (around neck)
 w - a ring of protection from cold
 y - a ring of ice
Scrolls
 g - a scroll of identify
Potions
 a - a potion of haste
 d - 5 potions of might
 f - 2 potions of resistance
 h - 2 potions of magic
 i - 5 potions of curing
 j - 2 potions of cancellation
 p - 2 potions of lignification
 v - a potion of attraction {unknown}

Dungeon Overview and Level Annotations

Branches:
Dungeon (8/15)             Temple (1/1) D:5
   Lair: D:8-11

Altars:
Ashenzari
Cheibriados
Elyvilon
Fedhas
Gozag
Hepliaklqana
Makhleb
Nemelex Xobeh
Okawaru
Trog
Uskayaw
Wu Jian
Xom
Yredelemnul
Zin
The Shining One

Shops:
D:1 *


Message History

The purple ugly thing gurgles horribly!
The centaur warrior wields a +0 shortbow.
The centaur warrior shoots an arrow.
The arrow hits you.
A centaur warrior comes into view.
It is wearing the ring of Perfectionism {Fly rC+ Int+6 Dex-4}.
The centaur warrior shouts!
Enter note: You throw a javelin.
The javelin pierces through the sleepcap.
The sleepcap is lightly damaged.
The javelin pierces through the troll but does no damage.
The centaur warrior shoots an arrow.
The arrow hits you.
You slash the purple ugly thing!
The purple ugly thing is lightly wounded.
The purple ugly thing tail-slaps you!
You slash the purple ugly thing!
The purple ugly thing is moderately wounded.
The centaur warrior shoots an arrow.
You block the arrow.
You barely miss the purple ugly thing.
The purple ugly thing is moderately wounded.
The centaur warrior shoots an arrow.
The arrow hits you!
The purple ugly thing tail-slaps you but does no damage.
You hit the purple ugly thing.
The purple ugly thing is moderately wounded.
The centaur warrior shoots an arrow.
The arrow hits you. The purple ugly thing tail-slaps you.
The centaur warrior shoots an arrow.
The arrow hits you but does no damage.
You barely miss the purple ugly thing.
The purple ugly thing is moderately wounded.
You block the purple ugly thing's attack.
You slash the purple ugly thing!
The purple ugly thing is heavily wounded.
You hit the centaur warrior but do no damage.
The purple ugly thing tail-slaps you but does no damage.
You slash the purple ugly thing!
The purple ugly thing is severely wounded.
You hit the centaur warrior.
The centaur warrior wields a +1 heavy longbow.
The centaur warrior shoots an arrow.
The arrow hits you!!
Ouch! That really hurt!
You die...

####........###.##
.....###.....## ..
#......#......#:#
.......##.......#
..###...#......##
#...#...#......##
.(=.#.c.#....<.....
.}....u.#.....#####
...#Tf#@c.#####
..##..#..(#
#.....#......
.....##...##...
..####...## .~~
........## ~.
##.....## . .......


You could see a purple ugly thing, 2 centaur warriors, a troll and a sleepcap.

Vanquished Creatures
  A two-headed ogre (D:7)
  Sigmund (D:2)
  A steam dragon (D:7)
  An orc warrior (D:7)
  2 black bears
  An ogre (D:7)
  3 centaurs
  A kobold brigand (D:3)
  2 phantoms (D:5)
  A bullfrog (D:6)
  A scorpion (D:6)
  5 wights (D:6)
  3 killer bees (D:8)
  2 howler monkeys
  2 orc priests (D:4)
  2 hounds (D:6)
  A sleepcap (D:7)
  An iguana (D:6)
  5 orc wizards
  10 adders
  4 gnolls (D:7)
  A shadow imp (D:5)
  2 white imps (D:7)
  A worm (D:4)
  3 dart slugs
  31 orcs
  5 endoplasms
  3 giant cockroaches
  4 goblins
  6 hobgoblins
  4 jackals (D:5)
  5 quokkas
  5 ball pythons
  5 bats
  A frilled lizard (D:3)
  5 kobolds
  10 rats
141 creatures vanquished.

Notes
Turn   | Place    | Note
-------+----------+-------------------------------------------
     0 | D:1      | qw the Gargoyle Fighter began the quest for the Orb.
     0 | D:1      | Reached XP level 1. HP: 14/14 MP: 1/1
     0 | D:1      | 0 ||| qw: Version: 0.2-a-108-gee2c290
     0 | D:1      | 0 ||| qw: Game counter: 1506
     0 | D:1      | 0 ||| qw: Always use a shield: true
     0 | D:1      | 0 ||| qw: God list: Okawaru
     0 | D:1      | 0 ||| qw: Allow faded altars: false
     0 | D:1      | 0 ||| qw: Do Orc after D:15 true
     0 | D:1      | 0 ||| qw: Do second Lair branch before Depths: true
     0 | D:1      | 0 ||| qw: Lair rune preference: random
     0 | D:1      | 0 ||| qw: Plans: Normal, Zot:1-4, Slime:5, God:TSO, Crypt,
                  | Tomb, Abyss, Pan, Hells, Win
     0 | D:1      | 0 ||| PLANNING D:1-11
   112 | D:1      | Reached skill level 2 in Axes
   128 | D:1      | Reached XP level 2. HP: 16/19 MP: 2/2
   169 | D:1      | Found a faded altar of an unknown god.
   198 | D:1      | 198 ||| Stepping ~*~*~tactically~*~*~ (hiding).
   558 | D:1      | Found Qopnosemi's General Store.
   591 | D:1      | Reached skill level 3 in Axes
   593 | D:1      | 593 ||| SHOPLISTING potion of cancellation (104 gold, have
                  | 73).
   593 | D:1      | 593 ||| SHOPLISTING scroll of enchant armour (97 gold, have
                  | 73).
   593 | D:1      | 593 ||| BUYING scroll of identify (26 gold).
   593 | D:1      | Bought a scroll of identify for 26 gold pieces
   807 | D:1      | 807 ||| READING scroll labelled JAMYTI KISCH.
   812 | D:1      | 812 ||| READING scroll labelled TUURUWK ZUIM.
   813 | D:1      | 813 ||| READING scroll labelled WOFIAS KOAF.
   814 | D:1      | 814 ||| READING 2 scrolls of identify.
   814 | D:1      | 814 ||| IDENTIFYING ruby potion
   815 | D:1      | 815 ||| DROPPING potion of flight.
   836 | D:2      | Reached XP level 3. HP: 23/23 MP: 3/3
   861 | D:2      | Noticed Sigmund
   863 | D:2      | 863 ||| Stepping ~*~*~tactically~*~*~ (hiding).
   874 | D:2      | Killed Sigmund
   875 | D:2      | Reached skill level 5 in Axes
   875 | D:2      | Reached XP level 4. HP: 16/28 MP: 4/4
   875 | D:2      | Reached XP level 5. HP: 18/32 MP: 5/5
  1091 | D:2      | 1091 ||| Stepping ~*~*~tactically~*~*~ (stealth).
  1197 | D:2      | 1197 ||| Stepping ~*~*~tactically~*~*~ (stealth).
  1202 | D:2      | Reached XP level 6. HP: 38/38 MP: 6/6
  1341 | D:2      | 1341 ||| READING scroll labelled KEOP YSOFERGHADD.
  1342 | D:2      | 1342 ||| READING scroll labelled ZEYZ APRUINUR.
  1343 | D:2      | 1343 ||| READING scroll labelled VALUAX RYADD.
  1444 | D:2      | 1444 ||| DRINKING 2 bubbling inky potions.
  1445 | D:2      | 1445 ||| READING 2 scrolls of identify.
  1445 | D:2      | 1445 ||| IDENTIFYING cyan potion
  1618 | D:3      | 1618 ||| DROPPING +0 club.
  1681 | D:3      | 1681 ||| Stepping ~*~*~tactically~*~*~ (stealth).
  1691 | D:3      | 1691 ||| Stepping ~*~*~tactically~*~*~ (stealth).
  1699 | D:3      | 1699 ||| Stepping ~*~*~tactically~*~*~ (hiding).
  1887 | D:3      | 1887 ||| READING scroll labelled AMYTADAUHI.
  1916 | D:3      | 1916 ||| READING 3 scrolls of identify.
  1916 | D:3      | 1916 ||| IDENTIFYING bubbling orange potion
  2032 | D:4      | 2032 ||| Stepping ~*~*~tactically~*~*~ (hiding).
  2033 | D:4      | 2033 ||| Stepping ~*~*~tactically~*~*~ (hiding).
  2034 | D:4      | 2034 ||| Stepping ~*~*~tactically~*~*~ (hiding).
  2057 | D:4      | 2057 ||| Stepping ~*~*~tactically~*~*~ (stealth).
  2058 | D:4      | 2058 ||| Stepping ~*~*~tactically~*~*~ (stealth).
  2128 | D:4      | 2128 ||| DROPPING +0 whip.
  2238 | D:4      | Reached XP level 7. HP: 43/43 MP: 7/7
  2606 | D:4      | Found a hazy altar of Hepliaklqana.
  2629 | D:4      | 2629 ||| UPGRADING to +0 chain mail.
  2639 | D:4      | 2639 ||| DROPPING +0 scale mail.
  2640 | D:4      | 2640 ||| UPGRADING to +4 ring of protection.
  2641 | D:4      | 2641 ||| DRINKING 3 pink potions.
  2642 | D:4      | 2642 ||| READING 2 scrolls of identify.
  2642 | D:4      | 2642 ||| IDENTIFYING smoky dark potion
  2659 | D:5      | Entered Level 5 of the Dungeon
  2690 | D:5      | Reached skill level 1 in Throwing
  2803 | D:5      | Reached skill level 6 in Axes
  2842 | D:5      | Found a staircase to the Ecumenical Temple.
  2843 | D:5      | 2843 ||| PLANNING TEMPLE
  2843 | D:5      | 2843 ||| UPGRADING to +6 ring of strength.
  2852 | Temple   | Entered the Ecumenical Temple
  2982 | Temple   | 2982 ||| PLANNING D:1-11
  3196 | D:5      | 3196 ||| Stepping ~*~*~tactically~*~*~ (stealth).
  3197 | D:5      | 3197 ||| Stepping ~*~*~tactically~*~*~ (stealth).
  3259 | D:5      | 3259 ||| Stepping ~*~*~tactically~*~*~ (stealth).
  3260 | D:5      | 3260 ||| Stepping ~*~*~tactically~*~*~ (stealth).
  3284 | D:5      | 3284 ||| DROPPING +3 mace.
  3328 | D:5      | 3328 ||| STAIRDANCE
  3505 | D:5      | 3505 ||| STAIRDANCE
  3721 | D:5      | 3721 ||| UPGRADING to amulet of regeneration.
  3853 | D:6      | Found an iron altar of Okawaru.
  3854 | D:6      | 3854 ||| PLANNING OKAWARU WORSHIP
  3854 | D:6      | 3854 ||| DRINKING 2 clear potions.
  3860 | D:6      | Became a worshipper of Warmaster Okawaru
  3860 | D:6      | 3860 ||| PLANNING D:1-11
  3927 | D:6      | Reached skill level 7 in Axes
  4021 | D:6      | 4021 ||| Stepping ~*~*~tactically~*~*~ (stealth).
  4022 | D:6      | 4022 ||| Stepping ~*~*~tactically~*~*~ (stealth).
  4031 | D:6      | Reached XP level 8. HP: 37/48 MP: 8/8
  4086 | D:6      | 4086 ||| Stepping ~*~*~tactically~*~*~ (stealth).
  4088 | D:6      | 4088 ||| Stepping ~*~*~tactically~*~*~ (hiding).
  4089 | D:6      | 4089 ||| Stepping ~*~*~tactically~*~*~ (hiding).
  4092 | D:6      | 4092 ||| Stepping ~*~*~tactically~*~*~ (hiding).
  4109 | D:6      | HP: 11/49 [wight/+4 spear (7)]
  4110 | D:6      | 4110 ||| READING scroll of teleportation.
  4111 | D:6      | 4111 ||| DRINKING potion of heal wounds.
  4149 | D:6      | 4149 ||| Stepping ~*~*~tactically~*~*~ (hiding).
  4165 | D:6      | 4165 ||| FLEEEEING.
  4168 | D:6      | 4168 ||| STAIRDANCE
  4175 | D:5      | 4175 ||| READING scroll labelled UHOTTO BIMITT.
  4176 | D:5      | 4176 ||| READING scroll labelled YDDITZESHRO.
  4177 | D:5      | 4177 ||| READING scroll labelled CODUGE IMETAH.
  4178 | D:5      | 4178 ||| READING 2 scrolls of identify.
  4178 | D:5      | 4178 ||| IDENTIFYING purple potion
  4179 | D:5      | 4179 ||| DROPPING potion of ambrosia.
  4206 | D:6      | 4206 ||| Stepping ~*~*~tactically~*~*~ (hiding).
  4216 | D:6      | 4216 ||| FLEEEEING.
  4217 | D:6      | 4217 ||| FLEEEEING.
  4221 | D:6      | 4221 ||| Stepping ~*~*~tactically~*~*~ (hiding).
  4223 | D:6      | 4223 ||| DRINKING 4 potions of curing.
  4223 | D:6      | 4223 ||| (to cure confusion)
  4353 | D:6      | Reached * piety under Okawaru
  4354 | D:6      | Reached skill level 8 in Axes
  4404 | D:6      | 4404 ||| Stepping ~*~*~tactically~*~*~ (stealth).
  4405 | D:6      | 4405 ||| Stepping ~*~*~tactically~*~*~ (stealth).
  4439 | D:6      | Reached skill level 1 in Invocations
  4514 | D:7      | 4514 ||| Stepping ~*~*~tactically~*~*~ (stealth).
  4518 | D:7      | 4518 ||| Stepping ~*~*~tactically~*~*~ (stealth).
  4524 | D:7      | 4524 ||| Stepping ~*~*~tactically~*~*~ (stealth).
  4579 | D:7      | 4579 ||| INVOKING Heroism.
  4636 | D:7      | 4636 ||| Stepping ~*~*~tactically~*~*~ (hiding).
  4638 | D:7      | 4638 ||| Stepping ~*~*~tactically~*~*~ (hiding).
  4644 | D:7      | Reached skill level 6 in Fighting
  4780 | D:7      | 4780 ||| INVOKING Heroism.
  4818 | D:7      | 4818 ||| Stepping ~*~*~tactically~*~*~ (hiding).
  4819 | D:7      | 4819 ||| Stepping ~*~*~tactically~*~*~ (hiding).
  4826 | D:7      | Reached XP level 9. HP: 56/56 MP: 8/10
  4935 | D:7      | 4935 ||| DROPPING +0 flail.
  4955 | D:7      | 4955 ||| INVOKING Heroism.
  5011 | D:7      | 5011 ||| Stepping ~*~*~tactically~*~*~ (stealth).
  5012 | D:7      | 5012 ||| Stepping ~*~*~tactically~*~*~ (stealth).
  5186 | D:7      | 5186 ||| Stepping ~*~*~tactically~*~*~ (hiding).
  5365 | D:7      | 5365 ||| INVOKING Heroism.
  5366 | D:7      | 5366 ||| Stepping ~*~*~tactically~*~*~ (cloud).
  5368 | D:7      | Noticed a two-headed ogre
  5370 | D:7      | Reached skill level 3 in Invocations
  5378 | D:7      | Killed a two-headed ogre
  5378 | D:7      | Reached ** piety under Okawaru
  5379 | D:7      | Reached skill level 9 in Axes
  5484 | D:7      | 5484 ||| UPGRADING to +0 plate armour.
  5494 | D:7      | 5494 ||| DROPPING +0 chain mail.
  5495 | D:7      | 5495 ||| UPGRADING to +0 shadow dragon scales.
  5505 | D:7      | 5505 ||| DROPPING +0 plate armour.
  5506 | D:7      | 5506 ||| UPGRADING to +0 pair of gloves.
  5511 | D:7      | 5511 ||| READING 2 scrolls of enchant armour.
  5511 | D:7      | 5511 ||| ENCHANTING +0 pair of gloves.
  5512 | D:7      | 5512 ||| READING scroll of enchant armour.
  5512 | D:7      | 5512 ||| ENCHANTING +1 pair of gloves.
  5513 | D:7      | 5513 ||| READING scroll labelled WOIQOWEVIS.
  5514 | D:7      | 5514 ||| DRINKING 2 sedimented ruby potions.
  5515 | D:7      | 5515 ||| READING 2 scrolls of identify.
  5515 | D:7      | 5515 ||| IDENTIFYING black potion
  5516 | D:7      | 5516 ||| DROPPING potion of degeneration.
  5540 | D:8      | Found a blossoming altar of Fedhas.
  5541 | D:8      | 5541 ||| Stepping ~*~*~tactically~*~*~ (hiding).
  5653 | D:8      | 5653 ||| Stepping ~*~*~tactically~*~*~ (stealth).
  5655 | D:8      | 5655 ||| Stepping ~*~*~tactically~*~*~ (stealth).
  5656 | D:8      | 5656 ||| Stepping ~*~*~tactically~*~*~ (stealth).
  5684 | D:8      | Noticed a centaur warrior
  5685 | D:8      | Noticed a purple ugly thing
  5687 | D:8      | Noticed a troll
  5688 | D:8      | 5688 ||| INVOKING Heroism.
  5688 | D:8      | Identified the ring of Perfectionism {Fly rC+ Int+6 Dex-4}
  5688 | D:8      | Noticed a centaur warrior
  5697 | D:8      | Shot with an arrow by a centaur warrior

Levels and vault maps discovered:
D:1:      nzn_arrival_crosshair, layout_basic, serial_shops, nicolae_shop_stone,
          shapermc_ecumenical_altar_mp_urbaneastern
D:2:      layout_rooms, nrook_mini_vaults, uniq_sigmund
D:3:      layout_rooms
D:4:      layout_basic, nicolae_overflow_hidden_temple
D:5:      lemuel_ice_spiral_2, layout_basic, minmay_temple_entry_waves
D:6:      layout_loops_cross, mainiacjoe_overflow_alcove_2
D:7:      layout_basic
D:8:      layout_rooms, mainiacjoe_overflow_concentric_impassable,
          fedhas_bush_and_centaur_altar, minmay_radiant
Temple:   hellmonk_temple_forest_ring

Skill      XL: |  1  2  3  4  5  6  7  8  9 |
---------------+----------------------------+-----
Axes           | 2 3 5 7 8 9 |  9.3
Fighting       | 4 6 |  6.3
Dodging        | 2 |  2.0
Throwing       | 1 2 |  2.3
Invocations    | 2 5 |  5.0
Armour         | 4 |  4.9
Shields        | |  3.2

Action                     |  1- 3 |  4- 6 |  7- 9 || total
---------------------------+-------+-------+-------++-------
  Melee: War axe           |    88 |   132 |   228 ||   448
  Throw: Boomerang         |       |    14 |    24 ||    38
         Javelin           |       |       |    31 ||    31
 Invoke: Heroism           |       |       |     5 ||     5
    Use: Scroll            |     4 |     6 |    10 ||    20
         Potion            |       |     1 |     5 ||     6
 Armour: Scale mail        |    39 |    67 |     1 ||   107
         Chain mail        |       |       |   116 ||   116
         Shadow dragon sca |       |       |    50 ||    50
  Dodge: Dodged            |    36 |    59 |   100 ||   195
  Block: Buckler           |    21 |    23 |    48 ||    92

Table legend:
 A = Non-vault XP
 B = Vault XP
 C = Vault XP percentage of total XP
 D = Non-vault monster count
 E = Vault monster count
 F = Vault count percentage of total count
                 A         B        C        D         E       F
            +---------+---------+-------+---------+---------+-------
      Total |    3752 |     343 |   8.4 |     139 |       2 |   1.4
            +---------+---------+-------+---------+---------+-------
        D:1 |      33 |       0 |   0.0 |      20 |       0 |   0.0
        D:2 |      56 |     231 |  80.5 |      13 |       1 |   7.1
        D:3 |     150 |       0 |   0.0 |      15 |       0 |   0.0
        D:4 |     162 |       0 |   0.0 |      23 |       0 |   0.0
        D:5 |     355 |       0 |   0.0 |      15 |       0 |   0.0
        D:6 |     912 |       0 |   0.0 |      19 |       0 |   0.0
        D:7 |    1782 |       0 |   0.0 |      25 |       0 |   0.0
        D:8 |     302 |     112 |  27.1 |       9 |       1 |  10.0
            +---------+---------+-------+---------+---------+-------
